 Dungeon Sprint DCSS version 0.31-a0-841-g038b102fc3 (webtiles) character file.

Game seed: 8977572274650913236

236 sircluck the Ruffian (level 5, -17/61 HPs)
             Began as a Troll Berserker on Sept 27, 2023.
             Was a Follower of Trog.
             Hit by a large rock thrown by a cyclops (34 damage)
             ... in the Dungeon (Sprint VII: "The Pits").
             The game lasted 00:00:11 (41 turns).

sircluck the Ruffian (Troll Berserker)                Turns: 41, Time: 00:00:12

Health: -17/61     AC:  4    Str: 27    XL:     5   Next: 77%
Magic:  4/4        EV: 11    Int:  3    God:    Trog [*.....]
Gold:   0          SH:  0    Dex:  9    Spells: 4/4 levels left

rFire   . .          .
                       - Unarmed
rCold   . . .        (no shield)
rNeg    . . .        a - +0 animal skin
rPois   .            (helmet restricted)
rElec   .            (no cloak)
rCorr   .            (gloves unavailable)
SInv    .            (boots unavailable)
Will    .....        (no amulet)
Stlth   +            (no ring)
HPRegen 1.10/turn    (no ring)
MPRegen 0.09/turn

%: no teleportation
@: on berserk cooldown, slowed, very slow
A: large, unfitting armour, claws 3, regeneration 1, shaggy fur 1, tough skin 1
a: Renounce Religion, Berserk


You were in the Dungeon.
You worshipped Trog.
Trog was aware of your devotion.
You visited 1 branch

Inventory:

Armour
 a - a +0 animal skin (worn)
Scrolls
 g - a scroll of blinking
Potions
 b - a potion of curing
 c - a potion of heal wounds
 d - a potion of haste
 e - 2 potions of magic
 f - a potion of berserk rage


   Skills:
 + Level 6.3 Fighting
 + Level 6.2 Dodging
 + Level 7.5 Unarmed Combat


You had 4 spell levels left.
You didn't know any spells.
Your spell library was empty.

Dungeon Overview and Level Annotations

Branches:
Dungeon (1/1)

Altars:


Innate Abilities, Weirdness & Mutations

You are too large for most types of armour.
You have claws for hands.
Your natural rate of healing is unusually fast.
You are covered in fur. (AC +1)
You have tough skin. (AC +1)


Message History

The tyrant leech is severely wounded.
The tyrant leech bites you.
* * * LOW HITPOINT WARNING * * *
The tyrant leech draws strength from your injuries!
You barely miss the tyrant leech.
The tyrant leech is severely wounded.
You claw the tyrant leech!
The tyrant leech is almost dead.
The tyrant leech bites you but does no damage.
You claw the tyrant leech!
You kill the tyrant leech!
Trog accepts your kill. The crimson imp hits you.
* * * LOW HITPOINT WARNING * * *
Your Fighting skill gained 4 levels and is now at level 6!
Your Dodging skill gained 4 levels and is now at level 6!
Your Unarmed Combat skill gained 4 levels and is now at level 7!
You have reached level 2!
You have reached level 3!
Your experience leads to an increase in your attributes!
Increase (S)trength, (I)ntelligence, or (D)exterity?
You feel stronger. x3
You have reached level 4!
You have reached level 5!
Unknown command.
Unknown command.
You closely miss the crimson imp. You mangle the crimson imp!!
You kill the crimson imp!
Trog accepts your kill.
You are no longer berserk.
You are exhausted.
You feel yourself slow down.
You start resting.
A cyclops is nearby!
A cyclops is nearby!
A cyclops is nearby!
The cyclops throws a large rock.
The large rock hits you!!
Ouch! That really hurt!
You die...

##########++######
#................#
#......#..#......#
#................+
+................+
#....@.#..#......#
#......†.........#
####'#####C'######
#.......##''#
#.......##....
#.......##...##
#...<...##5.##
#.......##..#
#.......##.C+


You could see a cyclops.

Vanquished Creatures
  A tyrant leech (D)
  A crimson imp (D)
2 creatures vanquished.

Notes
Turn   | Place    | Note
-------+----------+-------------------------------------------
     0 | D        | sircluck the Troll Berserker began the quest for the Orb.
     0 | D        | Reached XP level 1. HP: 22/22 MP: 0/0
    11 | D        | Noticed a crimson imp
    11 | D        | Noticed a tyrant leech
    12 | D        | Noticed a cyclops
    32 | D        | Killed a tyrant leech
    33 | D        | Reached skill level 7 in Unarmed Combat
    33 | D        | Reached XP level 2. HP: 5/36 MP: 1/1
    33 | D        | Reached XP level 3. HP: 6/44 MP: 2/2
    33 | D        | Reached XP level 4. HP: 7/52 MP: 3/3
    33 | D        | Reached XP level 5. HP: 8/59 MP: 4/4
    41 | D        | Hit by a large rock thrown by a cyclops

Illustrated notes

Levels and vault maps discovered:
D:        pitsprint [storerooms_1, entrance_room_1, metal_vault_7, armoury_1,
          mini_pit_1, grid_room_1, main_hall_1, silver_pit, the_coven_1,
          the_vestibule_1, steel_vault_1, golden_pit, hallway_of_sentries,
          crystal_vault_1, iron_vault_1, final_vault]

Skill      XL: |  1 |
---------------+----+-----
Fighting       | 6 |  6.3
Dodging        | 6 |  6.2
Unarmed Combat | 7 |  7.5

Action                     |  1- 3 |  4- 6 || total
---------------------------+-------+-------++-------
  Melee: Unarmed           |    15 |     2 ||    17
 Invoke: Berserk           |     1 |       ||     1
 Armour: Animal skin       |     6 |     1 ||     7
  Dodge: Dodged            |     2 |       ||     2

Table legend: (Time is in decaauts)
 A = Elapsed time spent in this place.
 B = Non-inter-level travel time spent in this place.
 C = Inter-level travel time spent in this place.
 D = Time resting spent in this place.
 E = Time spent auto-exploring this place.
 F = Levels seen in this place.
 G = Mean time per level.
                   A        B        C        D        E       F      G
               +--------+--------+--------+--------+--------+-----+--------+
         Total |     36 |     36 |      0 |      7 |     11 |   1 |   36.0 |
       Dungeon |     36 |     36 |      0 |      7 |     11 |   1 |   36.0 |
               +--------+--------+--------+--------+--------+-----+--------+

Top non-repeatable levels by time:
       D: 36 daAuts
